 Dungeon Crawl Stone Soup version 0.30-a0-591-g3c58d2bc28 (webtiles) character file.

Game seed: 2830522079676244505

42 OTABOTABOTAB the Insei (level 3, 0/23 HPs)
             Began as an Octopode Transmuter on Jan 4, 2023.
             Frozen to death by an endoplasm (2 damage)
             ... on level 2 of the Dungeon.
             The game lasted 00:02:20 (670 turns).

OTABOTABOTAB the Insei (Octopode Transmuter)         Turns: 670, Time: 00:02:21

Health: 0/23       AC:  1    Str:  9    XL:     3   Next: 56%
Magic:  4/6        EV: 13    Int: 17    God:
Gold:   84         SH:  0    Dex: 12    Spells: 0/6 levels left

rFire   . . .      SeeInvis .      - Unarmed
rCold   . . .      Faith    .    (no shield)
rNeg    . . .      Spirit   .    (helmet currently unavailable)
rPois   .          Reflect  .    (no amulet)
rElec   .          Harm     .    (no ring)
rCorr   .          Rampage  .    (no ring)
Will    .....                    (no ring)
Stlth   ++                       (no ring)
HPRegen 0.23/turn                (no ring)
MPRegen 0.10/turn                (no ring)
                                 (no ring)
                                 (no ring)

@: appendages (expiring)
A: tentacle spike 3, almost no armour, amphibious, 8 rings, camouflage 1,
gelatinous body 1, (nimble swimmer 1), tentacles
a: End Transformation


You were on level 2 of the Dungeon.
One of your tentacles had grown a beastly spike.
You visited 1 branch of the dungeon, and saw 2 of its levels.

You collected 84 gold pieces.

Inventory:

Missiles
 g - 6 poisoned darts
Scrolls
 d - a scroll of blinking {unknown}
 e - 2 scrolls of teleportation {unknown}
 f - a scroll of fog {unknown}
 i - a scroll of enchant weapon {unknown}
Potions
 a - a potion of mutation {unknown}
 b - a potion of ambrosia {unknown}
 c - a potion of resistance {unknown}
 h - a potion of berserk rage {unknown}
 j - a potion of cancellation {unknown}
 P - a potion of lignification {!q}


   Skills:
 - Level 1.0 Fighting
 - Level 2.0 Dodging
 + Level 3.5 Unarmed Combat
 - Level 2.0 Spellcasting
 + Level 2.7 Transmutations
 + Level 2.0 Poison Magic


You couldn't memorise any spells.
You knew the following spells:

 Your Spells              Type           Power      Damage    Failure   Level
a - Beastly Appendage     Tmut           22%        N/A       6%          1
b - Wereblood             Tmut           11%        N/A       10%         2
c - Spider Form           Tmut/Pois      9%         N/A       22%         3

Your spell library contained the following spells:

 Spells                   Type           Power      Damage    Failure   Level
 Ice Form                 Ice/Tmut       6%         N/A       73%         4
 Animate Dead             Necr           1%         N/A       88%         4
 Haunt                    Necr/Summ      0%         N/A       100%        7
 Infestation              Necr           0%         N/A       100%        8


Dungeon Overview and Level Annotations

Branches:
Dungeon (2/15)

Altars:


Innate Abilities, Weirdness & Mutations

One of your tentacles has grown a beastly spike.
You cannot wear most types of armour.
You are amphibious.
You can wear up to eight rings at the same time.
Your skin changes colour to match your surroundings (Stealth+).
Your rubbery body absorbs attacks. (AC +1, EV +1)
((You are camouflaged when in or above water. (Stealth+)))
You have tentacles for arms and can constrict up to eight enemies at once.


Message History

You now have 84 gold pieces (gained 16).
You see here a +0 hand axe.
Found a stone staircase leading down.
An endoplasm comes into view.
You miscast Beastly Appendage.
You are very lightly contaminated with residual magic.
Nothing appears to happen.
You now have 5/6 mp.
One of your tentacles grows a vicious spike.
You now have 4/6 mp.
Unknown command.
Unknown command.
The helpless endoplasm fails to defend itself.
You tentacle-slap the endoplasm.
Your transformation is almost over.
The endoplasm freezes you.
You are frozen.
You take 2 damage, and have 21/23 hp.
You tentacle-slap the endoplasm.
You pierce the endoplasm.
You kill the endoplasm!
Your magical contamination has completely faded away.
No target in view!
Your tentacle spike disappears.
i - a scroll labelled RAVISAGOUF Health restored: 23; MP restored: 6
j - a fizzy orange potion An adder comes into view.
An adder is nearby!
A hobgoblin comes into view.
You miscast Beastly Appendage.
You are very lightly contaminated with residual magic.
Nothing appears to happen.
You now have 5/6 mp.
The adder hisses angrily.
You miscast Beastly Appendage.
Nothing appears to happen.
You now have 4/6 mp.
One of your tentacles grows a vicious spike.
The adder barely misses you.
An endoplasm comes into view.
You now have 3/6 mp.
The adder misses you. The adder closely misses you.
The endoplasm quivers.
You tentacle-slap the adder. Your grab misses the adder.
Your tentacle spike misses the adder.
Your squeeze misses the adder.
The hobgoblin hits you but does no damage.
The adder bites you but does no damage.
Unknown command.
You tentacle-slap the adder. Your grab misses the adder.
Your tentacle spike misses the adder.
You squeeze the adder! The adder bites you. The hobgoblin barely misses you.
You take 3 damage, and have 20/23 hp.
You completely miss the adder. Your grab misses the adder.
You pierce the adder.
You kill the adder!
The hobgoblin hits you.
Your Poison Magic skill increases to level 2!
You take 3 damage, and have 17/23 hp.
You tentacle-slap the hobgoblin but do no damage.
Your grab misses the hobgoblin.
You pierce the hobgoblin.
You squeeze the hobgoblin.
You kill the hobgoblin!
The endoplasm freezes you.
You are frozen.
You take 5 damage, and have 12/23 hp.
MASSIVE DAMAGE!!
You are too injured to fight recklessly!
You are too injured to fight recklessly!
You are too injured to fight recklessly!
Unknown command.
You are too injured to fight recklessly!
You are too injured to fight recklessly!
You tentacle-slap the endoplasm.
You squeeze the endoplasm, but do no damage.
The endoplasm freezes you.
You are frozen.
You take 5 damage, and have 7/23 hp.
MASSIVE DAMAGE!!
The endoplasm barely misses you.
The endoplasm hits you but does no damage.
The endoplasm completely misses you. The endoplasm closely misses you.
Your transformation is almost over.
The endoplasm closely misses you.
Your magical contamination has completely faded away.
The endoplasm freezes you.
You are frozen.
* * * LOW HITPOINT WARNING * * *
You take 5 damage, and have 3/23 hp.
MASSIVE DAMAGE!!
The endoplasm hits you.
* * * LOW HITPOINT WARNING * * *
The endoplasm freezes you.
You are frozen.
* * * LOW HITPOINT WARNING * * *
You take 1 damage, and have 2/23 hp.
The endoplasm barely misses you. The endoplasm freezes you.
You are frozen.
You die...

##### ##... ..... ...#
##.†## ..... ...
#.###.†### ...... ....
#......... ......
....###.........
......### #......)......
........# #..##.#...)...
.......J###..#..#.......
.... #@.##..#.##......#
.....#........##....<.#
.....##......###......#
.....##....>.###.......
#....................
#..................
#..................
#..................
#.............#####


You could see an endoplasm.

Vanquished Creatures
  2 adders (D:2)
  3 ball pythons
  An endoplasm (D:2)
  2 giant cockroaches (D:1)
  A goblin (D:1)
  2 hobgoblins
  2 jackals (D:1)
  4 kobolds (D:1)
  3 bats (D:1)
  2 frilled lizards
  2 rats (D:1)
24 creatures vanquished.

Notes
Turn   | Place    | Note
-------+----------+-------------------------------------------
     0 | D:1      | OTABOTABOTAB the Octopode Transmuter began the quest for
                  | the Orb.
     0 | D:1      | Reached XP level 1. HP: 13/13 MP: 3/3
   165 | D:1      | Reached skill level 1 in Poison Magic
   165 | D:1      | Reached XP level 2. HP: 18/18 MP: 3/5
   533 | D:2      | Reached XP level 3. HP: 21/23 MP: 4/6
   586 | D:2      | Learned a level 2 spell: Wereblood
   590 | D:2      | Learned a level 3 spell: Spider Form
   659 | D:2      | Reached skill level 2 in Poison Magic
   666 | D:2      | HP: 3/23 [frozen (5)]
   670 | D:2      | Frozen to death by an endoplasm

Illustrated notes

Levels and vault maps discovered:
D:1:      dpeg_arrival_arbitrary_c, layout_basic
D:2:      minmay_diamond_boxcup, layout_basic,
          hellmonk_ecumenical_altar_run_dry, minmay_lizard_king, uniq_jessica,
          uniq_sigmund

Skill      XL: |  1  2  3 |
---------------+----------+-----
Poison Magic   | 1 2 |  2.0
Fighting       | |  1.0
Dodging        | |  2.0
Unarmed Combat | |  3.5
Spellcasting   | |  2.0
Transmutations | |  2.7

Action                   || total
-------------------------++-------
Melee: Unarmed           ||    57
       Constrict         ||    14
       Tentacles         ||    12
       Kick              ||    11
       Punch             ||     1
Throw: Stone             ||     8
 Cast: Beastly Appendage ||    14
 Abil: End Transformatio ||    11
 Stab: Sleeping          ||     3
Armor: Skin              ||     7
Dodge: Dodged            ||    35

Table legend: (Time is in decaauts)
 A = Elapsed time spent in this place.
 B = Non-inter-level travel time spent in this place.
 C = Inter-level travel time spent in this place.
 D = Time resting spent in this place.
 E = Time spent auto-exploring this place.
 F = Levels seen in this place.
 G = Mean time per level.
                   A        B        C        D        E       F      G
               +--------+--------+--------+--------+--------+-----+--------+
         Total |    667 |    659 |      8 |      0 |    477 |   2 |  333.5 |
       Dungeon |    667 |    659 |      8 |      0 |    477 |   2 |  333.5 |
               +--------+--------+--------+--------+--------+-----+--------+

Top non-repeatable levels by time:
     D:1: 524 daAuts
     D:2: 142 daAuts

Table legend:
 A = Kills in this place as a percentage of kills in entire the game.
 B = Kills by you in this place as a percentage of kills by you in the entire game.
 C = Kills by friends in this place as a percentage of kills by friends in the entire game.
 D = Other kills in this place as a percentage of other kills in the entire game.
 E = Experience gained in this place as a percentage of experience gained in the entire game.
 F = Experience gained in this place divided by the number of levels of this place that you have seen.
                   A       B       C       D       E      F
               +-------+-------+-------+-------+-------+----------------------
         Total | 100.0 | 100.0 |   N/A |   N/A | 100.0 |  30.5
       Dungeon | 100.0 | 100.0 |   N/A |   N/A | 100.0 |  30.5
               +-------+-------+-------+-------+-------+----------------------
